 Dungeon Crawl Stone Soup version 0.15.0-18-g9076a4f (console) character file.

378 gw the Cudgeler (level 6, -2/39 HPs)
             Began as a Gargoyle Berserker on Sept 7, 2014.
             Was a Believer of Trog.
             Slain by gw's ghost (4 damage)
             ... on Level 4 of the Dungeon.
             The game lasted 00:03:33 (4332 turns).

gw the Cudgeler (Gargoyle Berserker)                Turns: 4332, Time: 00:03:34

HP  -2/39        AC 15     Str 21      XL: 6   Next: 74%
MP   6/6         EV  7     Int  6 (7)  God: Trog [**....]
Gold 0           SH  0     Dex 11      Spells:  0 memorised,  5 levels left

rFire  . . .     SeeInvis .     h - -2 mace (curse)
rCold  . . .     Clarity  .     k - +0 chain mail
rNeg   + . .     rCorr    .     (no shield)
rPois  +         rRot     +     (no helmet)
rElec  +         Spirit   .     (no cloak)
SustAb .         Warding  .     (no gloves)
rMut   .         Stasis   .     (no boots)
Gourm  .                        (no amulet)
MR     +++..                    m - ring of protection from magic
                                f - cursed ring of loudness

@: exhausted, regenerating, slowed, very slow, extremely resistant to hostile
enchantments, extremely unstealthy
A: yellow scales 1, deterioration 1, negative energy resistance 1, electricity
resistance, unbreathing, petrification resistance, no device heal 1, rot
immunity, AC +4
a: Burn Spellbooks, Berserk, Trog's Hand, Renounce Religion


You were on level 4 of the Dungeon.
You worshipped Trog.
Trog was pleased with you.
You were not hungry.

You visited 1 branch of the dungeon, and saw 4 of its levels.

Inventory:

Hand weapons
 a - a +0 mace
 h - a cursed -2 mace (weapon)
Missiles
 e - 79 stones (quivered)
Armour
 k - a +0 chain mail (worn)
Magical devices
 d - a wand of magic darts (11)
Comestibles
 g - a meat ration
 i - a royal jelly
Scrolls
 b - a scroll of remove curse {unknown}
Jewellery
 f - a cursed ring of loudness (left hand)
 m - a ring of protection from magic (right hand)
Potions
 j - a potion of mutation


   Skills:
 + Level 4.7 Fighting
 * Level 5.0 Maces & Flails
 + Level 2.8 Throwing
 + Level 3.8 Armour
 - Level 1.5 Dodging


You had 5 spell levels left.
You didn't know any spells.

Dungeon Overview and Level Annotations

Branches:
Dungeon (4/15)
 Temple: D:4-7

Altars:

Annotations:
D:2 exclusion: 2 downstairs
D:4 gw's ghost, experienced GrBe


Innate Abilities, Weirdness & Mutations

You are resistant to torment.
You are immune to poison.
Your stone body is very resilient (AC +4).
You resist negative energy.
You are resistant to electric shocks.
You can survive without breathing.
You are immune to petrification.
You are immune to rotting.
You are partially covered in yellow scales (AC +2).
Your body is slowly deteriorating.
Potions and wands are less effective at restoring your health.


Message History

ATTACKING (0,-1)
You closely miss gw's ghost.
Gw's ghost is severely damaged.
Gw's ghost keens inconsolably.
Gw's ghost hits you but does no damage. Gw's ghost hits you!
The worm bites you but does no damage.
FLEEEEING!
ATTACKING (0,-1)
You hit gw's ghost.
Gw's ghost is severely damaged.
Your skin stops crawling.
You feel less resistant to hostile enchantments.
Gw's ghost hits you but does no damage. The worm bites you.
Gw's ghost hits you but does no damage.
Use which ability? (? or * to list)
Your skin crawls.
You feel resistant to hostile enchantments.
You feel slightly more hungry. Gw's ghost hits you. The worm barely misses you.
Gw's ghost hits you.
You die...

........# #...#
........# #...# .
(.......######...#
...
......(...........#
#...###
###.######...# ....#.
##.....####.<.#
(?..###.......##....#
#)W#.........#.####
#9wb........#.#
####.......#..#
##.....##.##
...........#
############


You could see a worm, gw's ghost and a bat.

Table legend:
 A = Turns spent in this place as a percentage of turns spent in the entire game.
 B = Non-inter-level travel turns spent in this place as a percentage of non-inter-level travel turns spent in the entire game.
 C = Inter-level travel turns spent in this place as a percentage of turns spent in this place.
 D = Turns resting spent in this place as a percentage of non-inter-level travel turns spent in this place.
 E = Turns spent auto-exploring this place as a percentage of non-inter-level travel turns spent in this place.
 F = Non-inter-level travel turns spent in this place divided by the number of levels of this place that you've seen.
                   A       B       C       D       E      F
               +-------+-------+-------+-------+-------+----------------------
         Total | 100.0 | 100.0 |   0.9 |   3.8 |  10.9 | 397.0
       Dungeon | 100.0 | 100.0 |   0.9 |   3.8 |  10.9 | 397.0
               +-------+-------+-------+-------+-------+----------------------

Table legend:
 A = Kills in this place as a percentage of kills in entire the game.
 B = Kills by you in this place as a percentage of kills by you in the entire game.
 C = Kills by friends in this place as a percentage of kills by friends in the entire game.
 D = Other kills in this place as a percentage of other kills in the entire game.
 E = Experience gained in this place as a percentage of experience gained in the entire game.
 F = Experience gained in this place divided by the number of levels of this place that you have seen.
                   A       B       C       D       E      F
               +-------+-------+-------+-------+-------+----------------------
         Total | 100.0 | 100.0 |  -nan |  -nan | 100.0 | 135.0
       Dungeon | 100.0 | 100.0 |  -nan |  -nan | 100.0 | 135.0
               +-------+-------+-------+-------+-------+----------------------

Vanquished Creatures
  The ghost of gw the Quickloader, an average KoHu (D:3)
  A crimson imp (D:3)
  An iron imp (D:3)
  Natasha (thrice) (D:3)
  An iguana (D:4)
  2 adders
  A shadow imp (D:3)
  2 white imps (D:3)
  5 worms
  5 giant geckos
  An ooze (D:2)
  3 orcs (D:3)
  2 ball pythons
  7 bats
  A giant cockroach (D:3)
  8 hobgoblins
  24 jackals
  6 kobolds
  2 quokkas
  6 giant newts
  8 goblins
  12 rats
102 creatures vanquished.

Notes
Turn   | Place    | Note
--------------------------------------------------------------
     0 | D:1      | gw, the Gargoyle Berserker, began the quest for the Orb.
     0 | D:1      | Reached XP level 1. HP: 14/14 MP: 1/1
   113 | D:1      | Reached skill level 1 in Throwing
   117 | D:1      | Reached XP level 2. HP: 16/19 MP: 2/2
   462 | D:1      | Acquired Trog's second power
   627 | D:1      | Reached XP level 3. HP: 22/24 MP: 3/3
  1268 | D:1      | Gained mutation: Potions and wands are less effective at restoring your health. [potion of mutation]
  1268 | D:1      | Gained mutation: Your body is slowly deteriorating. [potion of mutation]
  1268 | D:1      | Gained mutation: You are partially covered in yellow scales (AC +2). [potion of mutation]
  1793 | D:2      | Reached XP level 4. HP: 29/29 MP: 4/4
  2256 | D:2      | Reached skill level 4 in Fighting
  2455 | D:3      | Noticed gw's ghost (average KoHu)
  3001 | D:3      | Reached XP level 5. HP: 33/33 MP: 5/5
  3395 | D:3      | Killed gw's ghost
  3395 | D:3      | Reached XP level 6. HP: 37/39 MP: 6/6
  3424 | D:3      | Noticed Natasha
  3500 | D:3      | Killed Natasha
  3515 | D:3      | Noticed Natasha
  3531 | D:3      | Killed Natasha
  3813 | D:3      | Noticed Natasha
  3845 | D:3      | Killed Natasha
  4294 | D:4      | Noticed gw's ghost (experienced GrBe)
  4300 | D:4      | Reached skill level 5 in Maces & Flails
  4332 | D:4      | Slain by gw's ghost

Action                   |  1- 3 |  4- 6 || total
-------------------------+-------+-------++-------
Melee: Mace              |   109 |   328 ||   437
Throw: Stone             |   115 |   156 ||   271
Invok: Trog's Hand       |       |    15 ||    15
       Berserk           |       |     3 ||     3
Evoke: Wand              |       |     1 ||     1
  Use: Scroll            |     3 |     3 ||     6
       Potion            |     3 |     1 ||     4
  Eat: Chunk             |     3 |     5 ||     8
       Bread ration      |       |     2 ||     2

Vault maps used:
D:1:      dpeg_arrival_lava_temple_mockup
D:2:      serial_forest, infiniplex_forest_clump_medium,
          infiniplex_forest_diagonal, infiniplex_forest_end_1,
          infiniplex_forest_lined_room_2, infiniplex_forest_clump_diagonal,
          infiniplex_forest_straight_4
D:3:      minmay_liquid_box, uniq_natasha
D:4:      gammafunk_temple_overflow_forgotten,
          minmay_temple_entry_statues_pillars
